 Dungeon Crawl Stone Soup version 0.30-a0-241-g1121274140 (webtiles) character file.

Game seed: 5123642967825794501

1120 KennySheep the Changer (level 7, -2/51 HPs)
             Began as a Demigod Transmuter on Oct 10, 2022.
             Succumbed to an adder's poison
             ... in a sewer.
             The game lasted 00:22:56 (5284 turns).

KennySheep the Changer (Demigod Transmuter)         Turns: 5284, Time: 00:22:56

Health: -2/51      AC:  2    Str: 15    XL:     7   Next: 88%
Magic:  16/17      EV:  9    Int: 19    God:
Gold:   159        SH:  0    Dex: 14    Spells: 5/15 levels left

rFire   . . .      SeeInvis .      - Unarmed
rCold   . . .      Faith    .    (no shield)
rNeg    . . .      Spirit   .    a - +0 robe
rPois   .          Reflect  .    (no helmet)
rElec   .          Harm     .    (no cloak)
rCorr   .          Rampage  .    (no gloves)
Will    .....                    (no boots)
Stlth   +.........               (no amulet)
HPRegen 0.28/turn                (no ring)
MPRegen 0.15/turn                (no ring)

@: brilliant, lethally poisoned (-2 -> -21), attractive, constricted, studying
Spellcasting
A: high MP 1, forlorn, divine attributes, wild magic 1
a: no special abilities


You were in a sewer.
You visited 1 branch of the dungeon, and saw 6 of its levels.
You also visited: Sewer.

You collected 159 gold pieces.

Inventory:

Armour
 a - a +0 robe (worn)
Jewellery
 e - a ring of poison resistance
 g - a +6 ring of strength
 i - a +6 ring of strength
Wands
 b - a wand of flame (28)
 l - a wand of digging (7)
Scrolls
 c - 6 scrolls of teleportation
 d - 2 scrolls of identify
 h - 3 scrolls of enchant weapon
 j - 2 scrolls of blinking
 p - a scroll of amnesia
 q - a scroll of noise {unknown}
Potions
 k - 2 potions of might


   Skills:
 - Level 0.8 Fighting
 - Level 1.7 Dodging
 + Level 4.2 Unarmed Combat
 + Level 4.9 Spellcasting
 + Level 5.3 Transmutations
 * Level 4.9 Poison Magic


You had 5 spell levels left.
You knew the following spells:

 Your Spells              Type           Power      Damage    Failure   Level
a - Beastly Appendage     Tmut           96%        N/A       2%          1
b - Wereblood             Tmut           48%        N/A       3%          2
c - Ice Form              Ice/Tmut       29%        N/A       47%         4
z - Spider Form           Tmut/Pois      47%        N/A       8%          3

Your spell library contained the following spells:

 Spells                   Type           Power      Damage    Failure   Level
 Ignite Poison            Fire/Tmut/Pois 34%        N/A       13%         3
 Sticky Flame             Conj/Fire      9%         2d3       83%         4
 Ignition                 Fire           4%         3d4       100%        8


Dungeon Overview and Level Annotations

Branches:
Dungeon (6/15)              Sewer (1/1)
 Temple: D:4-7

Shops:
D:5 [

Annotations:
D:3 1 runed translucent door, 1 transporter, Crazy Yiuf; Natasha; Robin; timneilson's ghost, amateur GrFi


Innate Abilities, Weirdness & Mutations

You have an increased reservoir of magic. (+10% MP)
You shall have no god before yourself.
Your divine heritage dramatically boosts your attributes as you level up.
Your spells are a little harder to cast, but a little more powerful.


Message History

The adder bites you. The adder barely misses you.
The river rat twitches its whiskers.
The adder attacks as you move away! The adder misses you.
You feel very sick. The adder misses you. The adder closely misses you.
The adder completely misses you. The ball python closely misses you. x2
You feel very sick. The adder completely misses you.
The adder closely misses you. The adder bites you.
You are more poisoned.
The adder poisons you!
It was a potion of mutation.
You feel extremely strange.
Iridescent scales grow over part of your body.
Your iridescent scales disappear.
You feel less in control of your magic.
You feel sick. The ball python closely misses you. The ball python misses you.
The adder bites you.
You are lethally poisoned!
The adder poisons you! The adder misses you.
It was a potion of brilliance.
You feel clever all of a sudden.
* * * LOW HITPOINT WARNING * * *
You feel very sick. The adder misses you. The ball python barely misses you.
The ball python misses you. The adder bites you.
* * * LOW HITPOINT WARNING * * *
You are more poisoned.
The adder poisons you! The adder misses you.
The ball python completely misses you. The ball python misses you.
Okay, then.
Your transformation has ended.
Your +0 robe unmelds from your body.
* * * LOW HITPOINT WARNING * * *
You feel very sick. The adder closely misses you. The adder bites you.
* * * LOW HITPOINT WARNING * * *
The ball python barely misses you. The ball python grabs you.
The ball python constricts you.
It was a potion of attraction.
You feel attractive to monsters.
You die...

#......##
##.†..
#...~..#
##~.~
#≈≈~~~≈#
#~~~≈
#≈~~≈~≈#
#≈~~~
#≈≈~≈≈≈#
#≈~~~
#~~#~≈≈#
#≈≈~≈
#~~~≈≈≈#
#≈~~~
#~≈≈≈≈≈#
#≈.~#
#@S≈≈≈≈#
#≈≈≈†
#SS~≈≈≈#
#≈≈≈~
#rr≈≈≈≈#
#≈~#~
#~r#r≈≈#
#≈≈~≈
#≈≈r~≈≈#
#≈~~~
#≈≈~~≈≈#
#≈≈~~
#≈≈≈r~≈#
#≈~~~
#≈≈~~~≈#
#≈≈~~
#≈~~~~≈#
#≈~~~


You could see 2 adders, a river rat, a ball python and 5 rats.

Vanquished Creatures
  Sigmund (D:2)
  An ogre (D:4)
  3 phantoms (D:5)
  2 kobold brigands (D:5)
  2 scorpions (D:5)
  A jelly (D:5)
  An orc priest (D:6)
  A hound (D:5)
  Terence (D:3)
  2 iguanas (D:5)
  11 adders
  2 river rats
  A shadow imp (D:5)
  4 worms
  3 dart slugs
  5 orcs
  3 endoplasms
  3 giant cockroaches
  8 goblins
  5 hobgoblins
  9 jackals
  5 quokkas
  7 ball pythons
  3 bats
  7 frilled lizards
  19 kobolds
  14 rats
124 creatures vanquished.

Notes
Turn   | Place    | Note
-------+----------+-------------------------------------------
     0 | D:1      | KennySheep the Demigod Transmuter began the quest for the
                  | Orb.
     0 | D:1      | Reached XP level 1. HP: 15/15 MP: 5/5
    41 | D:1      | Reached skill level 2 in Transmutations
   353 | D:1      | Reached skill level 1 in Poison Magic
   353 | D:1      | Reached XP level 2. HP: 22/22 MP: 7/7
  1024 | D:2      | Reached XP level 3. HP: 26/27 MP: 6/8
  1028 | D:2      | Learned a level 3 spell: Spider Form
  1138 | D:2      | Noticed Sigmund
  1152 | D:2      | Killed Sigmund
  1153 | D:2      | Reached skill level 3 in Transmutations
  1153 | D:2      | Reached XP level 4. HP: 29/34 MP: 5/9
  1153 | D:2      | Reached XP level 5. HP: 33/39 MP: 5/10
  1277 | D:2      | Reached skill level 4 in Transmutations
  1603 | D:2      | Learned a level 2 spell: Wereblood
  2118 | D:3      | Noticed Terence
  2131 | D:3      | Killed Terence
  2638 | D:3      | Found a runed translucent door.
  2639 | D:3      | Noticed Crazy Yiuf
  2705 | D:3      | Noticed timneilson's ghost (amateur GrFi)
  2706 | D:3      | Found a transporter.
  2707 | D:3      | Identified the +4 great mace "Ofitulov" {vamp, Drain rC+
                  | Will+++ Stlth+}
  2707 | D:3      | Noticed an ogre
  2708 | D:3      | Noticed Natasha
  2708 | D:3      | Noticed Robin
  2753 | D:4      | Noticed an ogre
  2759 | D:4      | Killed an ogre
  2760 | D:4      | Reached XP level 6. HP: 46/46 MP: 9/13
  3283 | D:4      | Learned a level 4 spell: Ice Form
  3518 | D:5      | Entered Level 5 of the Dungeon
  3547 | D:4      | HP: 2/46 [poisoned by a scorpion]
  3903 | D:5      | Found Nuugunin's Armour Boutique.
  3935 | D:5      | Reached XP level 7. HP: 44/51 MP: 12/15
  4120 | D:5      | Reached skill level 5 in Transmutations
  5061 | D:6      | Found a glowing drain.
  5071 | Sewer    | Entered a sewer
  5281 | Sewer    | Gained mutation: You are partially covered in iridescent
                  | scales. (AC +2) [potion of mutation]
  5281 | Sewer    | Lost mutation: You are partially covered in iridescent
                  | scales. (AC +2) [potion of mutation]
  5281 | Sewer    | Gained mutation: Your spells are a little harder to cast,
                  | but a little more powerful. [potion of mutation]
  5284 | Sewer    | Succumbed to an adder's poison

Illustrated notes

Levels and vault maps discovered:
D:1:      roderic_dead_forest, layout_loops_corners, fountainhead, hex_medium
D:2:      layout_loops_cross, hellmonk_ecumenical_altar_blasted, uniq_sigmund
D:3:      layout_rooms, nicolae_overflow_crystal_walls, okawaru_gym_becter,
          gammafunk_ghost_smash, uniq_natasha, uniq_terence,
          uniq_crazy_yiuf_cottage, uniq_robin
D:4:      layout_basic
D:5:      layout_rooms, serial_shops, nicolae_lakefront_shop,
          kennysheep_generic_room_12
D:6:      layout_basic, grunt_gozag_statues, portal_sewer_entry_a
Sewer:    sewer_minmay_w

Skill      XL: |  1  2  3  4  5  6  7 |
---------------+----------------------+-----
Transmutations | 2 3 4 5 |  5.3
Poison Magic   | 1 3 4 |  4.9
Spellcasting   | 2 3 4 |  4.9
Unarmed Combat | 3 4 |  4.2
Fighting       | |  0.8
Dodging        | |  1.7

Action                   |  1- 3 |  4- 6 |  7- 9 || total
-------------------------+-------+-------+-------++-------
Melee: Unarmed           |    86 |   220 |   115 ||   421
       Kick              |     7 |    14 |     4 ||    25
       Headbutt          |     3 |     5 |     2 ||    10
       Punch             |     1 |     3 |       ||     4
 Cast: Beastly Appendage |     8 |     5 |     1 ||    14
       Spider Form       |     1 |    17 |    12 ||    30
 Abil: End Transformatio |       |       |     1 ||     1
  Use: Potion            |     1 |     5 |     4 ||    10
       Scroll            |       |     1 |     3 ||     4
 Stab: Sleeping          |     1 |     3 |       ||     4
       Invisible         |       |     4 |       ||     4
Armor: Robe              |     9 |    20 |     2 ||    31
       Skin              |     1 |     7 |     2 ||    10
Dodge: Dodged            |    46 |   144 |   119 ||   309

Table legend: (Time is in decaauts)
 A = Elapsed time spent in this place.
 B = Non-inter-level travel time spent in this place.
 C = Inter-level travel time spent in this place.
 D = Time resting spent in this place.
 E = Time spent auto-exploring this place.
 F = Levels seen in this place.
 G = Mean time per level.
                   A        B        C        D        E       F      G
               +--------+--------+--------+--------+--------+-----+--------+
         Total |   5299 |   5169 |    130 |    626 |   3522 |   7 |  757.0 |
       Dungeon |   5058 |   4928 |    130 |    527 |   3479 |   6 |  843.0 |
         Sewer |    241 |    241 |      0 |     99 |     43 |   1 |  241.0 |
               +--------+--------+--------+--------+--------+-----+--------+

Top non-repeatable levels by time:
     D:2: 1148 daAuts
     D:5: 1090 daAuts
     D:1: 948 daAuts
     D:4: 947 daAuts
     D:3: 636 daAuts
     D:6: 286 daAuts
   Sewer: 241 daAuts
